 Dungeon Crawl Stone Soup version 0.21.1-1-g345015f (webtiles) character file.

86 letownia2 the Conjurer (level 4, 24/24 HPs)
             Began as a Tengu Air Elementalist on Mar 3, 2018.
             Quit the game on level 4 of the Dungeon.
             The game lasted 00:05:21 (730 turns).

letownia2 the Conjurer (Tengu Air Elementalist)      Turns: 730, Time: 00:05:21

Health: 24/24      AC:  2    Str:  8    XL:     4   Next: 49%
Magic:  8/8        EV: 13    Int: 16    God:
Gold:   87         SH:  0    Dex: 15    Spells: 3/7 levels left

rFire    . . .     SeeInvis .   e - +0 short sword
rCold    . . .     Gourm    .   (no shield)
rNeg     . . .     Faith    .   a - +0 robe
rPois    .         Spirit   .   (helmet restricted)
rElec    .         Reflect  .   (no cloak)
rCorr    .         Harm     .   (no gloves)
MR       .....                  (boots unavailable)
Stlth    ++........             (no amulet)
HPRegen  0.08/turn              (no ring)
MPRegen  0.11/turn              (no ring)

@: no status effects
A: beak, talons 3
a: no special abilities


You were on level 4 of the Dungeon.
You were not hungry.

You visited 2 branches of the dungeon, and saw 5 of its levels.

You collected 87 gold pieces.

Inventory:

Hand Weapons
 e - a +0 short sword (weapon)
 l - a +0 dagger of protection
Armour
 a - a +0 robe (worn)
Wands
 m - a wand of random effects (11)
Scrolls
 d - 2 scrolls of teleportation {unknown}
 g - a scroll of random uselessness {unknown}
 h - a scroll of enchant weapon {unknown}
 i - a scroll of amnesia {unknown}
 j - a scroll of fear {unknown}
 k - a scroll of blinking {unknown}
 n - a scroll of identify {unknown}
Potions
 f - a potion of curing {unknown}
 o - a potion of brilliance {unknown}
Books
 b - a book of Air

   Spells                             Type                      Level
   a - Shock                          Conjuration/Air              1
   b - Swiftness                      Charms/Air                   2
   c - Static Discharge               Conjuration/Air              3
   d - Airstrike                      Air                          4
   e - Lightning Bolt                 Conjuration/Air              5
Comestibles
 c - 3 rations


   Skills:
 + Level 0.9 Fighting
 - Level 1.0 Armour
 + Level 2.5 Dodging
 - Level 2.0 Stealth
 - Level 2.0 Spellcasting
 - Level 4.7 Conjurations
 - Level 4.0 Air Magic


You had 3 spell levels left.
You knew the following spells:

 Your Spells              Type           Power        Failure   Level  Hunger
a - Shock                 Conj/Air       ###.         3%          1    #......
d - Static Discharge      Conj/Air       ###.....     10%         3    ###....


Dungeon Overview and Level Annotations

Branches:
Dungeon (4/15)             Temple (1/1) D:4

Altars:
Elyvilon
Fedhas
Hepliaklqana
Qazlal
Ru
Trog
Vehumet
Wu Jian
Yredelemnul
The Shining One

Annotations:
D:4 Eustachio


Innate Abilities, Weirdness & Mutations

You have a beak for a mouth.
You have claws for feet.


Message History

Found a sacrificial altar of Ru.
You open the door.
Found a hazy altar of Hepliaklqana.
You open the door.
Found a basalt altar of Yredelemnul and an ornate altar of the Wu Jian Council.
You open the door.
Found a stormy altar of Qazlal.
There is an open door here.
There is an open door here.
There is a staircase back to the Dungeon here.
You climb upwards.
Welcome back to the Dungeon!
Level annotation: Eustachio
There is a staircase to the Ecumenical Temple here.
You aren't carrying any pieces of jewellery.
Unknown command.
Wear which item? (? for menu, Esc to quit)
Okay, then.
Unknown command.
Okay, then.
Are you sure you want to abandon this character and quit the game? (Confirm with "yes".)

# # ##### #.####
###≈#≈#≈### ...#
#....@....# # #.#
#.#§#≈#≈#.###.# #..
# #####.....# #.# #
##.#### ##.#
....###.########...
#..............#.
#.....########...
#.##### ##.# # #.#


There were no monsters in sight!

Vanquished Creatures
  An iguana (D:4)
  A worker ant (D:2)
  2 worms (D:2)
  A dart slug (D:4)
  A ball python (D:1)
  5 bats
  6 goblins
  2 hobgoblins
  3 jackals (D:3)
  A kobold (D:1)
  A quokka (D:4)
  A frilled lizard (D:2)
  2 rats (D:2)
27 creatures vanquished.

Notes
Turn   | Place    | Note
-------+----------+-------------------------------------------
     0 | D:1      | letownia2 the Tengu Air Elementalist began the quest for the Orb.
     0 | D:1      | Reached XP level 1. HP: 10/10 MP: 4/4
   102 | D:1      | Reached XP level 2. HP: 13/15 MP: 4/6
   169 | D:2      | Reached XP level 3. HP: 18/19 MP: 2/7
   177 | D:2      | Learned a level 3 spell: Static Discharge
   421 | D:2      | Found a glowing golden altar of the Shining One.
   457 | D:3      | Noticed a sky beast
   474 | D:4      | Noticed Eustachio
   552 | D:4      | Reached XP level 4. HP: 22/24 MP: 4/8
   603 | D:4      | Reached skill level 1 in Armour
   662 | D:4      | Found a staircase to the Ecumenical Temple.
   668 | Temple   | Entered the Ecumenical Temple
   730 | D:4      | Quit the game

Skill      XL: |  1  2  3  4 |
---------------+-------------+-----
Conjurations   | 2 4 |  4.7
Armour         | 1 |  1.0
Fighting       | |  0.9
Dodging        | |  2.5
Stealth        | |  2.0
Spellcasting   | |  2.0
Air Magic      | |  4.0

Action                   |  1- 3 |  4- 6 || total
-------------------------+-------+-------++-------
Melee: Short sword       |    14 |     2 ||    16
       Unarmed           |     2 |       ||     2
       Peck              |       |     1 ||     1
 Cast: Shock             |    36 |     4 ||    40
Armor: Robe              |    17 |       ||    17
Dodge: Dodged            |    37 |       ||    37
